PCL
SPOKANE TRAPPERS @ DISTRICT 9 PRAWNS
08/16/2029
 
TOP OF THE 1ST
Spokane Trappers batting - Pitching for District 9 Prawns : LHP Nelson Béltre
Pitching: LHP Nelson Béltre
Batting: RHB Shizue Chouda 0-0: Ball
1-0: Foul Ball, location: 2F
1-1: Ball
2-1: Ball
3-1: Called Strike
3-2: Foul Ball, location: 2F
3-2: Base on Balls
Batting: RHB Carlos García 0-0: Foul Ball, location: 2F
0-1: Fly out, F8 (Flyball, 8RM)
Batting: RHB José Herrera 0-0: Ball
1-0: Swinging Strike
1-1: Foul Ball, location: 2F
1-2: Strikes out looking
Batting: SHB Mark Wells 0-0: Called Strike
Shizue Chouda steals 2nd base
0-1: Ball
1-1: Foul Ball, location: 2F
1-2: Ball
2-2: Ground out 4-3 (Groundball, 4)
Top of the 1st over - 0 runs, 0 hits, 0 errors, 1 left on base; Spokane 0 - District 9 0
BOTTOM OF THE 1ST
District 9 Prawns batting - Pitching for Spokane Trappers : RHP Riley Johnston
Pitching: RHP Riley Johnston
Batting: LHB Culley Vaughan 0-0: Fly out, F9 (Flyball, 9S)
Batting: RHB José Colón 0-0: Called Strike
0-1: Ball
1-1: Ground out 5-3 (Groundball, 56S)
Batting: LHB Terry Simpson 0-0: Ball
1-0: Ball
2-0: Foul Ball, location: 2F
2-1: Foul Ball, location: 2F
2-2: Ground out 4-3 (Groundball, 34D)
Bottom of the 1st over - 0 runs, 0 hits, 0 errors, 0 left on base; Spokane 0 - District 9 0
TOP OF THE 2ND
Spokane Trappers batting - Pitching for District 9 Prawns : LHP Nelson Béltre
Batting: RHB Roberto Cruz 0-0: Called Strike
0-1: Called Strike
0-2: Strikes out swinging
Batting: RHB Gustavo Ortíz 0-0: Called Strike
0-1: Ball
1-1: Ball
2-1: Swinging Strike
2-2: SOLO HOME RUN (Flyball, 78XD), Distance : 414 ft
Batting: RHB Alberto Velásquez 0-0: Ball
1-0: Ball
2-0: Ball
3-0: Called Strike
3-1: Foul Ball, location: 2F
3-2: Strikes out swinging
Batting: LHB Tommy Evans 0-0: Ball
1-0: Called Strike
1-1: Foul Ball, location: 2F
1-2: Fly out, F5 (Popup, 5SF)
Top of the 2nd over - 1 run, 1 hit, 0 errors, 0 left on base; Spokane 1 - District 9 0
BOTTOM OF THE 2ND
District 9 Prawns batting - Pitching for Spokane Trappers : RHP Riley Johnston
Batting: LHB Jeff Doss 0-0: Foul Ball, location: 2F
0-1: Ball
1-1: Ball
2-1: Foul Ball, location: 2F
2-2: Ground out 5-3 (Groundball, 5)
Batting: RHB Lúcio García 0-0: Ball
1-0: Foul Ball, location: 2F
1-1: SINGLE (Flyball, 78S)
Batting: LHB Leonard Young 0-0: Called Strike
0-1: SINGLE (Groundball, 3L) (infield hit)
Lúcio García to second
Batting: LHB Manuel Cardenas 0-0: Called Strike
0-1: Ball
1-1: Ball
2-1: Ball
3-1: Foul Ball, location: 2F
3-2: Base on Balls
Lúcio García to third
Leonard Young to second
Batting: LHB António Romo 0-0: Ball
1-0: Ball
2-0: Ball
3-0: Called Strike
3-1: Base on Balls
Lúcio García scores
Leonard Young to third
Manuel Cardenas to second
Batting: RHB Alfredo Rangel 0-0: Called Strike
0-1: Ball
1-1: Foul Ball, location: 2F
1-2: Ball
2-2: Ball
3-2: Grounds into double play, 6-4-3 (Groundball, 6)
Bottom of the 2nd over - 1 run, 2 hits, 0 errors, 2 left on base; Spokane 1 - District 9 1
TOP OF THE 3RD
Spokane Trappers batting - Pitching for District 9 Prawns : LHP Nelson Béltre
Batting: RHB António Martínez 0-0: Called Strike
0-1: Ball
1-1: Foul Ball, location: 2F
1-2: Strikes out swinging
Batting: RHB Shizue Chouda 0-0: Foul Ball, location: 2F
0-1: Ground out 6-3 (Groundball, 56)
Batting: RHB Carlos García 0-0: Ball
1-0: Foul Ball, location: 2F
1-1: Ball
2-1: Called Strike
2-2: Foul Ball, location: 2F
2-2: Foul Ball, location: 2F
2-2: Fly out, F8 (Flyball, 89D)
Top of the 3rd over - 0 runs, 0 hits, 0 errors, 0 left on base; Spokane 1 - District 9 1
BOTTOM OF THE 3RD
District 9 Prawns batting - Pitching for Spokane Trappers : RHP Riley Johnston
Batting: LHB Culley Vaughan 0-0: Ball
1-0: Called Strike
1-1: SINGLE (Groundball, 34D)
Batting: RHB José Colón 0-0: Foul Ball, location: 2F
0-1: Ball
1-1: Ball
Passed Ball!
Culley Vaughan to second
2-1: Ball
3-1: Fly out, F3 (Popup, 3F)
Batting: LHB Terry Simpson 0-0: Called Strike
0-1: Ball
1-1: Foul Ball, location: 2F
1-2: SINGLE (Line Drive, 34D)
Culley Vaughan to third
Batting: LHB Jeff Doss 0-0: Called Strike
0-1: Ball
1-1: Ball
2-1: Called Strike
2-2: SINGLE (Groundball, 3) (infield hit)
Culley Vaughan scores
Terry Simpson to second
Batting: RHB Lúcio García 0-0: Called Strike
0-1: Fielders Choice at 2nd, 1-6 (Groundball, 13)
Terry Simpson to third
Batting: LHB Leonard Young 0-0: Ball
1-0: Ball
2-0: Swinging Strike
2-1: Ball
3-1: Base on Balls
Lúcio García to second
Pitching: RHP Jeff Lynn
Batting: LHB Manuel Cardenas 0-0: Called Strike
0-1: Called Strike
0-2: Ball
1-2: Ball
2-2: Fielders Choice at 2nd, 6-4 (Groundball, 56)
Bottom of the 3rd over - 1 run, 3 hits, 0 errors, 3 left on base; Spokane 1 - District 9 2
TOP OF THE 4TH
Spokane Trappers batting - Pitching for District 9 Prawns : LHP Nelson Béltre
Batting: RHB José Herrera 0-0: SINGLE (Flyball, 78S)
Batting: SHB Mark Wells 0-0: Called Strike
0-1: Called Strike
0-2: Ball
1-2: Fielders Choice at 2nd, 5-4 (Groundball, 56)
Now at 2B: Jim Edgar
Batting: RHB Roberto Cruz 0-0: 2-RUN HOME RUN (Flyball, 78XD), Distance : 409 ft
Batting: RHB Gustavo Ortíz 0-0: Called Strike
0-1: Ball
1-1: Called Strike
1-2: Foul Ball, location: 2F
1-2: Strikes out swinging
Batting: RHB Alberto Velásquez 0-0: Foul Ball, location: 2F
0-1: Called Strike
0-2: Foul Ball, location: 2F
0-2: Foul Ball, location: 2F
0-2: Foul Ball, location: 2F
0-2: Strikes out looking
Top of the 4th over - 2 runs, 2 hits, 0 errors, 0 left on base; Spokane 3 - District 9 2
BOTTOM OF THE 4TH
District 9 Prawns batting - Pitching for Spokane Trappers : RHP Jeff Lynn
Batting: LHB António Romo 0-0: Called Strike
0-1: Ball
1-1: Ball
2-1: Swinging Strike
2-2: Ball
3-2: Foul Ball, location: 2F
3-2: Ground out 4-3 (Groundball, 4)
Batting: RHB Jim Edgar 0-0: Ball
1-0: Ground out 5-3 (Groundball, 56)
Batting: LHB Culley Vaughan 0-0: Ball
1-0: Ball
2-0: Called Strike
2-1: Ball
3-1: Foul Ball, location: 2F
3-2: Strikes out swinging
Bottom of the 4th over - 0 runs, 0 hits, 0 errors, 0 left on base; Spokane 3 - District 9 2
TOP OF THE 5TH
Spokane Trappers batting - Pitching for District 9 Prawns : LHP Nelson Béltre
Batting: LHB Tommy Evans 0-0: Ball
1-0: DOUBLE (Line Drive, 5D)
Batting: RHB António Martínez 0-0: SINGLE (Line Drive, 6MD)
Tommy Evans to third
Runner from 3rd tries for Home, SAFE, throw made home
Batting: RHB Shizue Chouda 0-0: Ball
1-0: Ball
2-0: Called Strike
2-1: Ball
Wild Pitch!
António Martínez to second
3-1: Base on Balls
Batting: RHB Carlos García 0-0: Ball
1-0: Ball
2-0: Ball
3-0: Base on Balls
António Martínez to third
Shizue Chouda to second
Batting: RHB José Herrera 0-0: Ball
1-0: Foul Ball, location: 2F
1-1: Called Strike
1-2: Grounds into double play, 6-4-3 (Groundball, 6)
António Martínez scores
Shizue Chouda to third
Batting: SHB Mark Wells 0-0: Ball
1-0: Fly out, F3 (Popup, 3S)
Top of the 5th over - 2 runs, 2 hits, 0 errors, 1 left on base; Spokane 5 - District 9 2
BOTTOM OF THE 5TH
District 9 Prawns batting - Pitching for Spokane Trappers : RHP Jeff Lynn
Batting: RHB José Colón 0-0: Called Strike
0-1: Called Strike
0-2: Ball
1-2: Strikes out swinging
Batting: LHB Terry Simpson 0-0: Ball
1-0: Ball
2-0: Ball
3-0: Foul Ball, location: 2F
3-1: Base on Balls
Batting: LHB Jeff Doss 0-0: Ball
1-0: Foul Ball, location: 2F
1-1: Called Strike
1-2: Foul Ball, location: 2F
1-2: Ball
2-2: Ball
3-2: Strikes out looking
Batting: RHB Lúcio García 0-0: Ball
1-0: Called Strike
1-1: 2-RUN HOME RUN (Flyball, 7LD), Distance : 380 ft
Batting: LHB Leonard Young 0-0: Called Strike
0-1: Ball
1-1: Swinging Strike
1-2: Foul Ball, location: 2F
1-2: Ball
2-2: Ball
3-2: Foul Ball, location: 2F
3-2: Strikes out looking
Bottom of the 5th over - 2 runs, 1 hit, 0 errors, 0 left on base; Spokane 5 - District 9 4
TOP OF THE 6TH
Spokane Trappers batting - Pitching for District 9 Prawns : LHP Nelson Béltre
Batting: RHB Roberto Cruz 0-0: Ball
1-0: Ball
2-0: Ground out 5-3 (Groundball, 56S)
Batting: RHB Gustavo Ortíz 0-0: Called Strike
0-1: Ball
1-1: SINGLE (Groundball, 56D)
Pitching: RHP José Huerta
Batting: RHB Alberto Velásquez 0-0: Called Strike
Pickoff Throw to First - Error! E1
Gustavo Ortíz to second
0-1: Foul Ball, location: 2F
0-2: Ball
1-2: Foul Ball, location: 2F
1-2: Foul Ball, location: 2F
1-2: SINGLE (Flyball, 8RS)
Gustavo Ortíz to third
Runner from 3rd tries for Home, throw and OUT!
Batting: LHB Tommy Evans 0-0: Ball
1-0: Ball
2-0: Swinging Strike
2-1: Foul Ball, location: 2F
2-2: Ball
3-2: Foul Ball, location: 2F
3-2: Strikes out swinging
Top of the 6th over - 0 runs, 2 hits, 1 error, 1 left on base; Spokane 5 - District 9 4
BOTTOM OF THE 6TH
District 9 Prawns batting - Pitching for Spokane Trappers : RHP Jeff Lynn
Batting: LHB Manuel Cardenas 0-0: Called Strike
0-1: Called Strike
0-2: Strikes out swinging
Batting: LHB António Romo 0-0: Ball
1-0: Ball
2-0: Fly out, F8 (Flyball, 8RM)
Batting: RHB Jim Edgar 0-0: Ball
1-0: Bunt for hit - play at first, batter OUT! 1-3
Bottom of the 6th over - 0 runs, 0 hits, 0 errors, 0 left on base; Spokane 5 - District 9 4
TOP OF THE 7TH
Spokane Trappers batting - Pitching for District 9 Prawns : RHP José Huerta
Batting: RHB António Martínez 0-0: Foul Ball, location: 2F
0-1: Ball
1-1: Foul Ball, location: 2F
1-2: Ball
2-2: Foul Ball, location: 2F
2-2: Foul Ball, location: 2F
2-2: Strikes out swinging
Batting: RHB Shizue Chouda 0-0: Ball
1-0: Ball
2-0: Called Strike
2-1: Swinging Strike
2-2: Ball
3-2: SINGLE (Flyball, 8RS)
Pinch Hitting: LHB Willie Wallace 0-0: Ball
1-0: Ball
2-0: SINGLE (Groundball, 3) (infield hit)
Shizue Chouda to second
Batting: RHB José Herrera 0-0: Called Strike
0-1: Ball
1-1: Ball
2-1: Ball
3-1: Called Strike
3-2: Strikes out swinging
Batting: SHB Mark Wells 0-0: Ball
1-0: Foul Ball, location: 2F
1-1: Foul Ball, location: 2F
1-2: Foul Ball, location: 2F
1-2: Ball
2-2: Ball
3-2: Strikes out swinging
Top of the 7th over - 0 runs, 2 hits, 0 errors, 2 left on base; Spokane 5 - District 9 4
BOTTOM OF THE 7TH
District 9 Prawns batting - Pitching for Spokane Trappers : RHP Jeff Lynn
Pitching: LHP Halewijn Tipping
Now in RF: Enrique Mendoza
Batting: LHB Culley Vaughan 0-0: Ground out U3 (Groundball, 34S)
Batting: RHB José Colón 0-0: Called Strike
0-1: Foul Ball, location: 2F
0-2: Ball
1-2: Ground out 6-3 (Groundball, 6)
Batting: LHB Terry Simpson 0-0: Ground out U3 (Groundball, 34)
Bottom of the 7th over - 0 runs, 0 hits, 0 errors, 0 left on base; Spokane 5 - District 9 4
TOP OF THE 8TH
Spokane Trappers batting - Pitching for District 9 Prawns : RHP José Huerta
Batting: RHB Roberto Cruz 0-0: Swinging Strike
0-1: SINGLE (Line Drive, 7LS)
Pinch Hitting: LHB Lorenzo Flores 0-0: Ball
1-0: Ball
2-0: Bunted foul
2-1: Sac Bunt - play at first, batter OUT! 1-4
Roberto Cruz to second
Pinch Hitting: LHB Stanley Mullins 0-0: Intentional Walk
Pinch Hitting: SHB Chris Bennis 0-0: Called Strike
0-1: Ground out 5-3 (Groundball, 5D)
Roberto Cruz to third
Stanley Mullins to second
Batting: RHB António Martínez 0-0: Foul Ball, location: 2F
0-1: Foul Ball, location: 2F
0-2: Strikes out swinging
Top of the 8th over - 0 runs, 1 hit, 0 errors, 2 left on base; Spokane 5 - District 9 4
BOTTOM OF THE 8TH
District 9 Prawns batting - Pitching for Spokane Trappers : LHP Halewijn Tipping
Now at 2B: John Cotton
Now at 3B: Enrico Rodríguez
Now at SS: Dave Mullen
Batting: LHB Jeff Doss 0-0: Ball
1-0: Ball
2-0: SINGLE (Flyball, 8RM)
Batting: RHB Lúcio García 0-0: Called Strike
0-1: Fly out, F9 (Flyball, 89M)
Batting: LHB Leonard Young 0-0: Called Strike
0-1: DOUBLE (Line Drive, 9LD)
Jeff Doss to third
Batting: LHB Manuel Cardenas 0-0: Ground out 4-3 (Groundball, 4)
Batting: LHB António Romo 0-0: SINGLE (Groundball, 3D)
Jeff Doss scores
Leonard Young to third
Runner from 3rd tries for Home, SAFE, no throw
Batting: RHB Jim Edgar 0-0: Ball
1-0: Ball
2-0: Called Strike
2-1: Ball
3-1: Swinging Strike
3-2: Foul Ball, location: 2F
3-2: Base on Balls
António Romo to second
Pinch Hitting: RHB Edgardo Carrasco 0-0: Called Strike
0-1: Ball
1-1: Ball
2-1: Ground out U3 (Groundball, 3)
Bottom of the 8th over - 2 runs, 3 hits, 0 errors, 2 left on base; Spokane 5 - District 9 6
TOP OF THE 9TH
Spokane Trappers batting - Pitching for District 9 Prawns : RHP José Huerta
Pitching: RHP Ignacio Morales
Now in CF: Donnie Cunningham
Batting: RHB Shizue Chouda 0-0: Ball
1-0: Called Strike
1-1: Foul Ball, location: 2F
1-2: Ball
2-2: Ball
3-2: Strikes out looking
Batting: RHB Enrique Mendoza 0-0: Called Strike
0-1: Ball
1-1: Swinging Strike
1-2: Ball
2-2: Fly out, F5 (Line Drive, 5)
Batting: RHB José Herrera 0-0: Ball
1-0: Fly out, F1 (Line Drive, 15)
Top of the 9th over - 0 runs, 0 hits, 0 errors, 0 left on base; Spokane 5 - District 9 6
Saturday, December 16th, 2017 - OOTP Baseball 18.8 Build 76